 Dungeon Crawl Stone Soup version 0.30.0-15-g856e2d3f33 (webtiles) character file.

Game seed: 4291883282981030228

8486 qw the Cleaver (level 11, 0/71 HPs)
             Began as a Gargoyle Fighter on May 18, 2023.
             Was a Believer of Okawaru.
             Killed from afar by an acid dragon (13 damage)
             ... with a splash of acid
             ... on level 10 of the Dungeon.
             The game lasted 00:05:25 (10555 turns).

qw the Cleaver (Gargoyle Fighter)                  Turns: 10555, Time: 00:05:26

Health: 0/71       AC: 21    Str: 23    XL:     11   Next: 31%
Magic:  14/14      EV: 10    Int: 10    God:    Okawaru [**....]
Gold:   1503       SH:  6    Dex:  9    Spells: 10/10 levels left

rFire   + . .        t - +0 broad axe
rCold   . . .        c - +0 buckler
rNeg    + . .        k - +0 chain mail
rPois   inf          (no helmet)
rElec   +            m - +2 cloak of the Thief {*Fog Slay-2 SInv Stlth+}
rCorr   .            (no gloves)
SInv    +            f - +0 pair of boots
Will    .....        (no amulet)
Stlth   +            h - ring of protection from fire
HPRegen 0.31/turn    (no ring)
MPRegen 0.14/turn

%: no passive effects
@: about to teleport, heroic, corroded
A: sickness immunity, AC +8, negative energy resistance 1, electricity
resistance, torment resistance 1, petrification resistance
a: Renounce Religion, Heroism


You were on level 10 of the Dungeon.
You worshipped Okawaru.
Okawaru was pleased with you.
You visited 2 branches of the dungeon, and saw 12 of its levels.
You also visited: Ossuary.

You collected 1503 gold pieces.


Innate Abilities, Weirdness & Mutations

You are immune to sickness and miasma.
Your stone body is resilient. (AC +8)
You are immune to poison.
You resist negative energy. (rN+)
You are resistant to electric shocks. (rElec)
You are resistant to unholy torment.
You are immune to petrification.


   Skills:
 - Level 9.1(14.1) Fighting
 - Level 12.0(17.0) Axes
 - Level 1.2(6.2) Throwing
 + Level 6.2(11.2) Armour
 - Level 2.3(7.3) Dodging
 - Level 6.1(11.1) Shields
 - Level 4.0 Invocations


You had 10 spell levels left.
You didn't know any spells.
Your spell library was empty.

Inventory:

Hand Weapons
 i - a +0 flail
 t - a +0 broad axe (weapon)
Armour
 c - a +0 buckler (worn)
 f - a +0 pair of boots (worn)
 k - a +0 chain mail (worn)
 m - the +2 cloak of the Thief (worn) {*Fog Slay-2 SInv Stlth+}
   (You found it on level 7 of the Dungeon)

   *Fog:      It may release a thick cloud of smoke when the wearer is hurt.
   Slay:      It affects your accuracy & damage with ranged weapons and melee
   (-2).
   SInv:      It lets you see invisible.
   Stlth:     It makes you more stealthy.
 p - the +3 salamander hide armour {Flames, rFlCloud rF++ rC--}
   (You found it on level 7 of the Dungeon)

   Flames:    It surrounds you with flame clouds and enhances your fire magic.
   rFlCloud:  It grants immunity to flame clouds.
   rF:        It greatly protects you from fire.
   rC:        It makes you very vulnerable to cold.
 q - a +0 helmet
Jewellery
 b - a ring of fire
 g - a ring of ice
 h - a ring of protection from fire (left hand)
Scrolls
 a - 9 scrolls of identify
 s - a scroll of teleportation
Potions
 d - 5 potions of might
 e - a potion of resistance
 j - 2 potions of attraction
 l - 3 potions of haste
 n - 5 potions of curing
 o - 2 potions of cancellation
 r - a potion of mutation
 u - 2 potions of lignification

Dungeon Overview and Level Annotations

Branches:
Dungeon (11/15)            Temple (1/1) D:6         Ossuary (visited)
   Lair: D:8-11         Orc: D:9-12

Altars:
Ashenzari
Cheibriados
Dithmenos
Elyvilon
Fedhas
Gozag
Hepliaklqana
Kikubaaqudgha
Makhleb
Nemelex Xobeh
Okawaru
Qazlal
Ru
Sif Muna
Trog
Uskayaw
Vehumet
Wu Jian
Xom
Yredelemnul
Zin
The Shining One

Annotations:
D:4 1 runed translucent door


Message History

You barely miss the acid dragon.
The acid dragon is almost dead.
The acid dragon barely misses you.
The acid dragon claws you but does no damage.
You hit the acid dragon but do no damage.
The acid dragon is almost dead.
The acid dragon bites you but does no damage.
The acid dragon barely misses you.
You closely miss the acid dragon.
The acid dragon is almost dead.
You closely miss the black bear. The acid dragon barely misses you.
The acid dragon closely misses you.
The black bear bites you but does no damage.
The black bear claws you but does no damage. x2
You closely miss the acid dragon.
The acid dragon is almost dead.
You hit the black bear but do no damage.
The acid dragon spits acid at you. The splash of acid hits you!
With a swish of your cloak, you release a cloud of fog.
The acid corrodes you! You block the black bear's attack.
The black bear misses you. The black bear barely misses you.
You hear a shout!
10553 ||| READING 2 scrolls of teleportation.
As you read the scroll of teleportation, it crumbles to dust.
You feel strangely unstable. The acid dragon misses you.
The acid dragon claws you but does no damage.
The black bear bites you but does no damage.
The black bear barely misses you.
The black bear claws you but does no damage.
You barely miss the acid dragon.
The acid dragon is almost dead.
You slash the black bear! You closely miss the acid dragon.
The acid dragon is almost dead.
You completely miss the black bear. The acid dragon spits acid at you.
The splash of acid hits you!
You die...

......#... ....#.....
#.. ...P..
.##+######...#..#..P..#
.# ......PP...+ .#
###..........# ##
........¤¤P..## .#
.....#...P.P.P .#
##..#¤h..P.P. .#
##..¤¤@D...P.. ##
#####..#¤¤¤##..... #
##........#¤## ... #
##.........#..## # #
###..............# ...
###...#........##..# ..
.%..###........##..##
#.# %####
#<............## ..# .#
#........#.....# #.#


You could see a black bear and an acid dragon (catching breath).

Vanquished Creatures
  A two-headed ogre (D:8)
  Joseph (D:10)
  An unseen horror (D:10)
  Psyche (D:10)
  A vampire (D:9)
  A wyvern (D:8)
  5 wraiths
  11 yaks
  3 steam dragons
  2 water moccasins
  2 orc warriors (D:7)
  7 black bears
  5 ice beasts
  An ogre (D:7)
  4 centaurs
  2 kobold brigands (D:7)
  3 bullfrogs (D:8)
  4 scorpions
  2 wights (Ossuary)
  11 killer bees
  A centaur zombie (Ossuary)
  2 jellies
  2 gnoll boudas
  4 hounds
  2 orc priests (D:8)
  An iron imp (D:7)
  6 iguanas
  Terence (D:2)
  7 orc wizards
  A mummy (D:8)
  13 gnolls
  9 adders
  2 shadow imps
  A white imp (D:5)
  3 ufetubi
  A worm (D:3)
  3 dart slugs
  17 orcs
  3 bats (D:1)
  2 endoplasms
  A giant cockroach (D:2)
  6 goblins
  6 hobgoblins
  3 jackals (D:2)
  2 quokkas (D:1)
  9 ball pythons
  A ball python skeleton (Ossuary)
  5 frilled lizards
  A goblin zombie (D:8)
  2 hobgoblin skeletons (Ossuary)
  2 hobgoblin zombies (Ossuary)
  A jackal zombie (D:4)
  14 kobolds
  2 kobold zombies
  2 orc skeletons (Ossuary)
  2 orc zombies (Ossuary)
  7 rats
215 creatures vanquished.

Notes
Turn   | Place    | Note
-------+----------+-------------------------------------------
     0 | D:1      | qw the Gargoyle Fighter began the quest for the Orb.
     0 | D:1      | Reached XP level 1. HP: 14/14 MP: 1/1
     0 | D:1      | 0 ||| qw: Version: 0.2-a-96-gf055678
     0 | D:1      | 0 ||| qw: Game counter: 81
     0 | D:1      | 0 ||| qw: Always use a shield: true
     0 | D:1      | 0 ||| qw: God list: Okawaru
     0 | D:1      | 0 ||| qw: Allow faded altars: false
     0 | D:1      | 0 ||| qw: Do Orc after D:15 true
     0 | D:1      | 0 ||| qw: Do second Lair branch before Depths: true
     0 | D:1      | 0 ||| qw: Lair rune preference: random
     0 | D:1      | 0 ||| qw: Plans: Normal, Zot:1-4, God:TSO, Crypt, Tomb,
                  | Pan, Slime:5, Hells, Abyss, Win
     0 | D:1      | 0 ||| PLANNING D:1-11
    36 | D:1      | Reached skill level 2 in Axes
    50 | D:1      | 50 ||| Stepping ~*~*~tactically~*~*~ (hiding).
    90 | D:1      | Reached XP level 2. HP: 19/19 MP: 2/2
   221 | D:1      | 221 ||| Stepping ~*~*~tactically~*~*~ (hiding).
   222 | D:1      | 222 ||| Stepping ~*~*~tactically~*~*~ (hiding).
   223 | D:1      | 223 ||| Stepping ~*~*~tactically~*~*~ (hiding).
   224 | D:1      | 224 ||| Stepping ~*~*~tactically~*~*~ (hiding).
   241 | D:1      | 241 ||| Stepping ~*~*~tactically~*~*~ (stealth).
   246 | D:1      | 246 ||| Stepping ~*~*~tactically~*~*~ (stealth).
   260 | D:1      | Reached skill level 3 in Axes
   349 | D:1      | Reached XP level 3. HP: 23/23 MP: 3/3
   531 | D:1      | 531 ||| Stepping ~*~*~tactically~*~*~ (stealth).
   572 | D:1      | 572 ||| Stepping ~*~*~tactically~*~*~ (hiding).
   847 | D:1      | 847 ||| READING 3 scrolls labelled WAMPELL GYQI.
   848 | D:1      | 848 ||| READING scroll labelled UTIVVIO VANEGI.
   949 | D:1      | 949 ||| DRINKING 2 dark potions.
   950 | D:1      | 950 ||| READING 2 scrolls of identify.
   950 | D:1      | 950 ||| IDENTIFYING ruby potion
   951 | D:1      | 951 ||| DROPPING potion of brilliance.
  1174 | D:2      | Noticed Terence
  1181 | D:2      | Killed Terence
  1182 | D:2      | Reached skill level 4 in Axes
  1182 | D:2      | Reached XP level 4. HP: 28/28 MP: 4/4
  1200 | D:2      | 1200 ||| DROPPING +0 club.
  1334 | D:2      | 1334 ||| READING scroll labelled OMIEVU DECAE.
  1341 | D:2      | 1341 ||| READING scroll labelled CUXAN VIFACIFI.
  1351 | D:2      | 1351 ||| Stepping ~*~*~tactically~*~*~ (hiding).
  1356 | D:2      | 1356 ||| DRINKING 2 blue potions.
  1357 | D:2      | 1357 ||| DRINKING 2 cyan potions.
  1358 | D:2      | 1358 ||| DRINKING 4 red potions.
  1359 | D:2      | 1359 ||| READING 2 scrolls of identify.
  1359 | D:2      | 1359 ||| IDENTIFYING bubbling white potion
  1360 | D:2      | 1360 ||| DROPPING potion of magic.
  1467 | D:2      | 1467 ||| Stepping ~*~*~tactically~*~*~ (stealth).
  1487 | D:2      | 1487 ||| Stepping ~*~*~tactically~*~*~ (hiding).
  1760 | D:2      | 1760 ||| Stepping ~*~*~tactically~*~*~ (stealth).
  1782 | D:2      | Reached XP level 5. HP: 32/32 MP: 5/5
  1790 | D:2      | 1790 ||| Stepping ~*~*~tactically~*~*~ (stealth).
  1804 | D:2      | 1804 ||| Stepping ~*~*~tactically~*~*~ (stealth).
  1807 | D:2      | 1807 ||| Stepping ~*~*~tactically~*~*~ (stealth).
  1828 | D:2      | 1828 ||| Stepping ~*~*~tactically~*~*~ (stealth).
  1831 | D:2      | 1831 ||| DROPPING +0 mace.
  2076 | D:2      | 2076 ||| DRINKING 2 viscous orange potions.
  2077 | D:2      | 2077 ||| DRINKING potion of curing.
  2077 | D:2      | 2077 ||| (to cure confusion)
  2078 | D:2      | 2078 ||| DROPPING potion of ambrosia.
  2197 | D:3      | Found a glowing golden altar of the Shining One.
  2202 | D:3      | 2202 ||| Stepping ~*~*~tactically~*~*~ (stealth).
  2353 | D:3      | 2353 ||| Stepping ~*~*~tactically~*~*~ (stealth).
  2358 | D:3      | 2358 ||| Stepping ~*~*~tactically~*~*~ (stealth).
  2582 | D:3      | Reached skill level 5 in Axes
  2696 | D:3      | 2696 ||| DROPPING ring of wizardry.
  2697 | D:3      | 2697 ||| READING 2 scrolls labelled NAPISM CUIDAUR.
  2784 | D:4      | 2784 ||| Stepping ~*~*~tactically~*~*~ (stealth).
  2787 | D:4      | 2787 ||| Stepping ~*~*~tactically~*~*~ (hiding).
  2790 | D:4      | Noticed an ice beast
  2801 | D:4      | HP: 7/32 [ice beast (11)]
  2802 | D:4      | 2802 ||| READING scroll of teleportation.
  2803 | D:4      | 2803 ||| DRINKING 3 potions of heal wounds.
  2825 | D:4      | 2825 ||| Stepping ~*~*~tactically~*~*~ (stealth).
  3092 | D:4      | HP: 7/33 [ice beast (7)]
  3093 | D:4      | 3093 ||| DRINKING 2 potions of heal wounds.
  3097 | D:4      | 3097 ||| DRINKING potion of heal wounds.
  3105 | D:4      | Killed an ice beast
  3106 | D:4      | Reached XP level 6. HP: 29/40 MP: 6/6
  3301 | D:4      | Found an ancient bone altar of Kikubaaqudgha.
  3333 | D:4      | Reached skill level 1 in Dodging
  3386 | D:4      | Noticed a black bear
  3394 | D:4      | Killed a black bear
  3395 | D:4      | Reached XP level 7. HP: 44/44 MP: 7/7
  3412 | D:4      | Noticed a human
  3413 | D:4      | Found a runed translucent door.
  3417 | D:4      | 3417 ||| UPGRADING to +0 pair of boots.
  3425 | D:4      | Found a basalt altar of Yredelemnul.
  3695 | D:4      | 3695 ||| READING scroll labelled GOATADDYSK.
  3730 | D:5      | Entered Level 5 of the Dungeon
  3808 | D:5      | 3808 ||| Stepping ~*~*~tactically~*~*~ (hiding).
  3820 | D:5      | 3820 ||| Stepping ~*~*~tactically~*~*~ (hiding).
  3829 | D:5      | Reached skill level 6 in Axes
  4089 | D:5      | Found a sparkling altar of Nemelex Xobeh.
  4092 | D:5      | Found a blossoming altar of Fedhas.
  4093 | D:5      | Found a shadowy altar of Dithmenos.
  4230 | D:5      | Found a broken altar of Ashenzari.
  4243 | D:5      | 4243 ||| Stepping ~*~*~tactically~*~*~ (stealth).
  4244 | D:5      | 4244 ||| Stepping ~*~*~tactically~*~*~ (stealth).
  4247 | D:5      | 4247 ||| Stepping ~*~*~tactically~*~*~ (stealth).
  4258 | D:5      | Reached skill level 7 in Axes
  4412 | D:5      | 4412 ||| READING scroll labelled ETYAJO TOTRUM.
  4413 | D:5      | 4413 ||| READING scroll labelled SEIMMO ZUOLYK.
  4414 | D:5      | 4414 ||| READING scroll labelled MUKLAKLEPIS.
  4415 | D:5      | 4415 ||| DRINKING 2 bubbling amethyst potions.
  4416 | D:5      | 4416 ||| DROPPING potion of flight.
  4447 | D:6      | Reached XP level 8. HP: 50/50 MP: 8/8
  4685 | D:6      | Reached skill level 8 in Axes
  4826 | D:6      | Found a bloodstained altar of Trog.
  4869 | D:6      | Reached skill level 6 in Fighting
  5069 | D:6      | Identified the +9 long sword "Veledi" {freeze, +Blink rN+}
  5094 | D:6      | 5094 ||| Stepping ~*~*~tactically~*~*~ (hiding).
  5096 | D:6      | 5096 ||| Stepping ~*~*~tactically~*~*~ (hiding).
  5126 | D:6      | HP: 12/51 [orc wizard/+2 dagger of holy wrath (4)]
  5127 | D:6      | 5127 ||| READING scroll of teleportation.
  5128 | D:6      | 5128 ||| DRINKING potion of heal wounds.
  5137 | D:6      | 5137 ||| Stepping ~*~*~tactically~*~*~ (hiding).
  5159 | D:6      | Reached skill level 9 in Axes
  5228 | D:6      | 5228 ||| Stepping ~*~*~tactically~*~*~ (stealth).
  5230 | D:6      | 5230 ||| Stepping ~*~*~tactically~*~*~ (stealth).
  5305 | D:6      | 5305 ||| Stepping ~*~*~tactically~*~*~ (hiding).
  5378 | D:6      | 5378 ||| Stepping ~*~*~tactically~*~*~ (stealth).
  5380 | D:6      | 5380 ||| Stepping ~*~*~tactically~*~*~ (hiding).
  5381 | D:6      | 5381 ||| Stepping ~*~*~tactically~*~*~ (hiding).
  5402 | D:6      | Reached XP level 9. HP: 55/55 MP: 9/9
  5429 | D:6      | Found a white marble altar of Elyvilon.
  5518 | D:6      | 5518 ||| Stepping ~*~*~tactically~*~*~ (stealth).
  5613 | D:6      | Found a staircase to the Ecumenical Temple.
  5614 | D:6      | 5614 ||| PLANNING TEMPLE
  5614 | D:6      | 5614 ||| DROPPING +2 leather armour of willpower.
  5615 | D:6      | 5615 ||| READING scroll labelled KIMYS UWEZUYQE.
  5616 | D:6      | 5616 ||| READING scroll labelled VUQALEFA UHUGO.
  5617 | D:6      | 5617 ||| DRINKING 2 coppery potions.
  5722 | D:6      | 5722 ||| READING 9 scrolls of identify.
  5722 | D:6      | 5722 ||| IDENTIFYING fizzy puce potion
  5723 | D:6      | 5723 ||| DROPPING potion of berserk rage.
  5732 | Temple   | Entered the Ecumenical Temple
  5735 | Temple   | 5735 ||| PLANNING OKAWARU WORSHIP
  5750 | Temple   | Became a worshipper of Warmaster Okawaru
  5750 | Temple   | 5750 ||| PLANNING D:1-11
  5942 | D:7      | Found the +2 cloak of the Thief {*Fog Slay-2 SInv Stlth+}
  5991 | D:7      | 5991 ||| Stepping ~*~*~tactically~*~*~ (stealth).
  5995 | D:7      | 5995 ||| Stepping ~*~*~tactically~*~*~ (stealth).
  5999 | D:7      | 5999 ||| DRINKING potion of curing.
  5999 | D:7      | 5999 ||| (to cure confusion)
  6223 | D:7      | Found the +3 salamander hide armour {Flames, rFlCloud rF++
                  | rC--}
  6245 | D:7      | HP: 13/57 [orc warrior/+1 scimitar of protection (10)]
  6593 | D:7      | 6593 ||| Stepping ~*~*~tactically~*~*~ (stealth).
  6616 | D:7      | Found a snail-covered altar of Cheibriados.
  6707 | D:7      | Reached * piety under Okawaru
  6765 | D:7      | 6765 ||| Stepping ~*~*~tactically~*~*~ (hiding).
  6875 | D:7      | 6875 ||| INVOKING Heroism.
  6881 | D:7      | Reached skill level 10 in Axes
  6966 | D:7      | 6966 ||| Stepping ~*~*~tactically~*~*~ (hiding).
  6990 | D:7      | 6990 ||| INVOKING Heroism.
  7151 | D:7      | Reached skill level 1 in Invocations
  7471 | D:7      | 7471 ||| UPGRADING to +0 chain mail.
  7481 | D:7      | 7481 ||| DROPPING +0 scale mail.
  7482 | D:7      | 7482 ||| UPGRADING to +2 cloak of the Thief {*Fog Slay-2
                  | SInv Stlth+}.
  7487 | D:7      | 7487 ||| READING 3 scrolls labelled KUSUUCHAXA.
  7488 | D:7      | 7488 ||| READING 8 scrolls of identify.
  7488 | D:7      | 7488 ||| IDENTIFYING fuming clear potion
  7489 | D:7      | 7489 ||| DROPPING 2 scrolls of fog.
  7516 | D:8      | 7516 ||| PLANNING OSSUARY
  7526 | D:8      | Reached skill level 1 in Throwing
  7562 | D:8      | 7562 ||| Stepping ~*~*~tactically~*~*~ (hiding).
  7565 | D:8      | 7565 ||| INVOKING Heroism.
  7582 | D:8      | 7582 ||| INVOKING Heroism.
  7708 | D:8      | 7708 ||| INVOKING Heroism.
  7710 | D:8      | 7710 ||| Stepping ~*~*~tactically~*~*~ (hiding).
  7727 | D:8      | 7727 ||| INVOKING Heroism.
  7774 | D:8      | 7774 ||| Stepping ~*~*~tactically~*~*~ (stealth).
  7818 | D:8      | 7818 ||| Stepping ~*~*~tactically~*~*~ (stealth).
  7819 | D:8      | 7819 ||| Stepping ~*~*~tactically~*~*~ (stealth).
  7840 | D:8      | Reached XP level 10. HP: 64/64 MP: 12/12
  7991 | D:8      | Noticed a two-headed ogre
  7992 | D:8      | 7992 ||| INVOKING Heroism.
  7999 | D:8      | Killed a two-headed ogre
  8000 | D:8      | Reached skill level 9 in Fighting
  8143 | D:8      | Found a sand-covered staircase.
  8147 | D:8      | 8147 ||| UPGRADING to ring of protection from fire.
  8148 | D:8      | 8148 ||| READING 7 scrolls of identify.
  8148 | D:8      | 8148 ||| IDENTIFYING smoky golden potion
  8152 | Ossuary  | Entered an ossuary
  8301 | Ossuary  | Reached skill level 3 in Invocations
  8408 | Ossuary  | 8408 ||| READING scroll labelled LOAQ SYMUANN.
  8409 | Ossuary  | 8409 ||| READING scroll labelled FEOGRIA DEIFU.
  8410 | Ossuary  | 8410 ||| DRINKING 2 fuming black potions.
  8493 | D:8      | 8493 ||| PLANNING D:1-11
  8632 | D:8      | 8632 ||| INVOKING Heroism.
  8755 | D:8      | 8755 ||| Stepping ~*~*~tactically~*~*~ (stealth).
  8756 | D:8      | 8756 ||| INVOKING Heroism.
  9112 | D:9      | You fall into a shaft and drop 2 floors!
  9142 | D:11     | Reached skill level 11 in Axes
  9251 | D:11     | 9251 ||| READING scroll labelled FYT ALEARILUICH.
  9251 | D:11     | Identified a scroll of acquirement
  9251 | D:11     | 9251 ||| ACQUIRING 1032 gold pieces
  9251 | D:11     | Acquired 1032 gold pieces
  9261 | D:10     | Entered Level 10 of the Dungeon
  9266 | D:10     | Noticed Psyche
  9267 | D:10     | 9267 ||| Stepping ~*~*~tactically~*~*~ (hiding).
  9269 | D:10     | 9269 ||| Stepping ~*~*~tactically~*~*~ (hiding).
  9271 | D:10     | 9271 ||| Stepping ~*~*~tactically~*~*~ (hiding).
  9272 | D:10     | 9272 ||| Stepping ~*~*~tactically~*~*~ (hiding).
  9273 | D:10     | 9273 ||| Stepping ~*~*~tactically~*~*~ (hiding).
  9276 | D:10     | 9276 ||| INVOKING Heroism.
  9280 | D:10     | Paralysed by Psyche for 2 turns
  9286 | D:10     | Killed Psyche
  9408 | D:9      | Found an opulent altar of Gozag.
  9538 | D:9      | Reached skill level 6 in Armour
  9546 | D:9      | Found a stormy altar of Qazlal.
  9570 | D:9      | 9570 ||| INVOKING Heroism.
  9779 | D:9      | 9779 ||| SWAPPING to +0 broad axe.
  9780 | D:9      | 9780 ||| DROPPING +0 war axe of freezing.
  9843 | D:9      | 9843 ||| INVOKING Heroism.
  9944 | D:9      | 9944 ||| INVOKING Heroism.
  9949 | D:9      | HP: 14/66 [wraith (10)]
  9950 | D:9      | 9950 ||| READING 3 scrolls of teleportation.
 10165 | D:9      | Reached XP level 11. HP: 71/71 MP: 14/14
 10237 | D:10     | 10237 ||| STAIRDANCE
 10268 | D:10     | Noticed Joseph
 10281 | D:10     | 10281 ||| INVOKING Heroism.
 10286 | D:10     | Killed Joseph
 10390 | D:10     | Reached ** piety under Okawaru
 10395 | D:10     | 10395 ||| INVOKING Heroism.
 10402 | D:10     | Reached skill level 12 in Axes
 10529 | D:10     | 10529 ||| INVOKING Heroism.
 10544 | D:10     | Reached skill level 6 in Shields
 10552 | D:10     | HP: 12/71 [acid dragon/splash of acid (11)]
 10553 | D:10     | 10553 ||| READING 2 scrolls of teleportation.
 10555 | D:10     | Killed from afar by an acid dragon

Levels and vault maps discovered:
D:1:      sevenhm_arrival_forest_fort_small_6, layout_loops_ring
D:2:      layout_loops_corners, dreamdust_mushroom_princess,
          minmay_pentomino_p2, uniq_terence
D:3:      layout_loops_ring, lemuel_tele_altar
D:4:      layout_basic, overflow_temple_1_default, dk_yredelemnul_ordeal,
          nrook_mini_backslash, grunt_ministairs_14
D:5:      layout_basic, grunt_temple_overflow_open,
          mainiacjoe_overflow_six_doors_small
D:6:      layout_cave_pools, mainiacjoe_overflow_small_starburst,
          elyvilon_altar_1, lemuel_temple_firewalk_b, serial_column_ruins,
          column_ruins_hut, column_ruins_hut_pillars, column_ruins_open_small,
          column_ruins_open_large, column_ruins_open_tiny_water,
          column_ruins_corridor_T, column_ruins_grid_1, fountainhead
D:7:      layout_cave_pods, slow_altar_1
D:8:      layout_basic, nicolae_ossuary_entry_giza
D:9:      layout_roguey, grunt_gozag_breadcrumbs, lemuel_doored_altar,
          grunt_decor_resistance, chequers_arboretum
D:10:     layout_rooms, grunt_lair_entry_orc_guard_hut, dk_vineyard_2,
          bh_walls_and_bars, uniq_joseph, uniq_psyche
D:11:     nzn_motion_control, layout_long_grid, orc_david_3,
          kennysheep_generic_room_16
Temple:   hellmonk_temple_rainy

Skill      XL: |  1  2  3  4  5  6  7  8  9 10 11 |
---------------+----------------------------------+-----
Axes           | 2 3 4 5 7 9 10 11 12 | 12.0
Fighting       | 4 5 6 7 9 |  9.1
Dodging        | 1 2 |  2.3
Shields        | 4 5 6 |  6.1
Invocations    | 2 4 |  4.0
Throwing       | 1 |  1.2
Armour         | 5 6 |  6.2

Action                     |  1- 3 |  4- 6 |  7- 9 | 10-12 || total
---------------------------+-------+-------+-------+-------++-------
  Melee: War axe           |    91 |   167 |   408 |   172 ||   838
         Unarmed           |       |       |     2 |       ||     2
         Broad axe         |       |       |       |   106 ||   106
  Throw: Boomerang         |       |       |     7 |    15 ||    22
 Invoke: Heroism           |       |       |     6 |    10 ||    16
    Use: Scroll            |     3 |     5 |    10 |     6 ||    24
         Potion            |     1 |     8 |     4 |     1 ||    14
 Armour: Scale mail        |    53 |    84 |   268 |       ||   405
         Chain mail        |       |       |    26 |   185 ||   211
  Dodge: Dodged            |    42 |    83 |   139 |   142 ||   406
  Block: Buckler           |    22 |    27 |    67 |    68 ||   184

Table legend:
 A = Non-vault XP
 B = Vault XP
 C = Vault XP percentage of total XP
 D = Non-vault monster count
 E = Vault monster count
 F = Vault count percentage of total count
                 A         B        C        D         E       F
            +---------+---------+-------+---------+---------+-------
      Total |   10168 |    1955 |  16.1 |     185 |      30 |  14.0
            +---------+---------+-------+---------+---------+-------
        D:1 |      58 |       0 |   0.0 |      29 |       0 |   0.0
        D:2 |      74 |      51 |  40.8 |      15 |       3 |  16.7
        D:3 |      44 |       0 |   0.0 |      11 |       0 |   0.0
        D:4 |     437 |       4 |   0.9 |      14 |       3 |  17.6
        D:5 |     516 |       0 |   0.0 |      13 |       0 |   0.0
        D:6 |    1233 |      11 |   0.9 |      22 |       1 |   4.3
        D:7 |    1517 |      39 |   2.5 |      39 |       1 |   2.5
        D:8 |    2293 |      20 |   0.9 |      20 |       3 |  13.0
        D:9 |    1547 |       0 |   0.0 |      11 |       0 |   0.0
       D:10 |    1646 |    1208 |  42.3 |       7 |       5 |  41.7
       D:11 |     803 |       0 |   0.0 |       4 |       0 |   0.0
    Ossuary |       0 |     622 | 100.0 |       0 |      14 | 100.0
            +---------+---------+-------+---------+---------+-------
